 Dungeon Crawl Stone Soup version 0.22.1-2-g9c5b331383 (webtiles) character file.

346 Gargoyl the Skirmisher (level 6, 0/51 HPs)
             Began as a Centaur Abyssal Knight on Nov 17, 2018.
             Was a Believer of Lugonu.
             Succumbed to a worker ant's poison
             ... on level 4 of the Dungeon.
             The game lasted 00:06:03 (3692 turns).

Gargoyl the Skirmisher (Centaur Abyssal Knight)     Turns: 3692, Time: 00:06:04

Health: 0/51       AC:  9    Str: 15    XL:     6   Next: 32%
Magic:  8/8        EV:  7    Int: 16    God:    Lugonu [**....]
Gold:   155        SH:  7    Dex: 10    Spells: 5/5 levels left

rFire    . . .     SeeInvis .   a - +1 hand axe
rCold    . . .     Gourm    .   d - +0 buckler
rNeg     . . .     Faith    .   n - +0 scale mail
rPois    .         Spirit   .   b - +0 helmet
rElec    .         Reflect  +   (no cloak)
rCorr    .         Harm     .   (no gloves)
MR       .....     Clarity  +   (no barding)
Stlth    ..........             i - +4 amulet of reflection
HPRegen  0.17/turn              (no ring)
MPRegen  0.11/turn              (no ring)

@: brilliant, lethally poisoned (0 -> -3), hasted, very quick
A: large, hooves 3, yellow scales 1, blurry vision 1, clarity, deformed body,
speed 2, tough skin 3
a: Depart the Abyss, Bend Space, Renounce Religion


You were on level 4 of the Dungeon.
You worshipped Lugonu.
Lugonu was pleased with you.
You were very hungry.

You visited 1 branch of the dungeon, and saw 4 of its levels.
You visited the Abyss 1 time.

You collected 155 gold pieces.

Inventory:

Hand Weapons
 a - a +1 hand axe (weapon)
Armour
 b - a +0 helmet (worn)
 d - a +0 buckler (worn)
 n - a +0 scale mail (worn)
Jewellery
 i - a +4 amulet of reflection (around neck)
Wands
 f - a wand of iceblast (8)
Scrolls
 e - a scroll of teleportation
 k - 2 scrolls of remove curse
Potions
 j - 2 potions of resistance
 m - 2 potions of cancellation
 p - a potion of flight
Comestibles
 c - 3 rations


   Skills:
 + Level 3.6 Fighting
 + Level 3.4 Axes
 * Level 3.1 Armour
 + Level 1.1 Dodging
 + Level 1.0 Shields
 * Level 3.3 Invocations


You had 5 spell levels left.
You didn't know any spells.
Your spell library was empty.

Dungeon Overview and Level Annotations

Branches:
Dungeon (4/15)
 Temple: D:4-7

Altars:
Elyvilon
Fedhas
Hepliaklqana
Makhleb
Qazlal
Trog


Innate Abilities, Weirdness & Mutations

You have hooves in place of feet.
Armour fits poorly on your strangely shaped body.
You cover ground very quickly.
You have extremely tough skin. (AC +3)
You are partially covered in yellow scales. (AC +2)
Scrolls take you a little longer to read.
You possess an exceptional clarity of mind.


Message History

* * * LOW HITPOINT WARNING * * *
You feel sick.
* * * LOW HITPOINT WARNING * * *
You feel sick.
* * * LOW HITPOINT WARNING * * *
You feel sick.
* * * LOW HITPOINT WARNING * * *
You feel sick.
* * * LOW HITPOINT WARNING * * *
You feel sick.
Found a stone staircase leading up.
* * * LOW HITPOINT WARNING * * *
You feel sick.
* * * LOW HITPOINT WARNING * * *
You feel sick.
* * * LOW HITPOINT WARNING * * *
You feel sick.
* * * LOW HITPOINT WARNING * * *
You feel sick.
You die...

#########
###################.......#
..................#.......#
................@.#.......#
..................#.......#
..............<...#.......#
..##..............'.......#
####..........(...#.......#
........##+########.......#
........## #............#
.........# #............#
.........# #..............


There were no monsters in sight!

Vanquished Creatures
  Menkaure (D:4)
  Ijyb (D:3)
  Jessica (D:3)
  2 worker ants
  Robin (D:3)
  3 adders
  2 oozes
  4 worms
  2 dart slugs (D:1)
  3 orcs (D:3)
  2 giant cockroaches
  7 goblins
  5 hobgoblins
  9 jackals (D:2)
  2 quokkas
  A ball python (D:1)
  4 bats
  5 frilled lizards
  7 kobolds
  7 rats
69 creatures vanquished.

Notes
Turn   | Place    | Note
-------+----------+-------------------------------------------
     0 | Abyss:1  | Gargoyl the Centaur Abyssal Knight began the quest for the
                  | Orb.
     0 | Abyss:1  | Reached XP level 1. HP: 19/19 MP: 2/2
    51 | Abyss:2  | Noticed an eight-headed hydra zombie
    62 | Abyss:2  | Noticed a quasit
    65 | D:1      | Escaped the Abyss
   387 | D:1      | Reached * piety under Lugonu
   387 | D:1      | Reached XP level 2. HP: 26/26 MP: 3/3
  1254 | D:2      | Found a blossoming altar of Fedhas.
  1280 | D:2      | Reached XP level 3. HP: 22/31 MP: 4/4
  1490 | D:2      | Found a stormy altar of Qazlal.
  1490 | D:2      | Found a bloodstained altar of Trog.
  1496 | D:2      | Found a hazy altar of Hepliaklqana.
  1496 | D:2      | Found a white marble altar of Elyvilon.
  2105 | D:2      | Reached ** piety under Lugonu
  2251 | D:2      | Found a burning altar of Makhleb.
  2371 | D:3      | Reached skill level 1 in Dodging
  2474 | D:3      | Noticed Jessica
  2476 | D:3      | Reached XP level 4. HP: 38/38 MP: 5/5
  2483 | D:3      | Killed Jessica
  3046 | D:3      | Reached XP level 5. HP: 26/45 MP: 7/7
  3081 | D:3      | Noticed Robin
  3090 | D:3      | Killed Robin
  3170 | D:3      | Noticed Ijyb
  3197 | D:3      | Killed Ijyb
  3432 | D:3      | Noticed a black bear
  3542 | D:4      | Noticed Menkaure
  3550 | D:4      | Killed Menkaure
  3550 | D:4      | Reached skill level 1 in Shields
  3550 | D:4      | Reached XP level 6. HP: 22/51 MP: 8/8
  3656 | D:4      | Gained mutation: You possess an exceptional clarity of
                  | mind. [potion of mutation]
  3656 | D:4      | Gained mutation: Scrolls take you a little longer to read.
                  | [potion of mutation]
  3656 | D:4      | Gained mutation: You are partially covered in yellow
                  | scales. (AC +2) [potion of mutation]
  3680 | D:4      | HP: 2/51 [poisoned by a worker ant]
  3687 | D:4      | HP: 1/51 [poisoned by a worker ant]
  3692 | D:4      | Succumbed to a worker ant's poison

Skill      XL: |  1  2  3  4  5 |
---------------+----------------+-----
Axes           | 2 3 |  3.4
Armour         | 2 3 |  3.1
Dodging        | 1 |  1.1
Invocations    | 3 |  3.3
Shields        | 1 |  1.0
Fighting       | |  3.6

Action                   |  1- 3 |  4- 6 || total
-------------------------+-------+-------++-------
Melee: Hand axe          |   123 |   106 ||   229
       Kick              |    18 |    20 ||    38
Invok: Depart the Abyss  |     1 |       ||     1
  Use: Scroll            |     8 |     1 ||     9
       Potion            |       |     7 ||     7
 Stab: Distracted        |       |     1 ||     1
  Eat: Chunk             |     3 |     3 ||     6
Armor: Leather armour    |    31 |       ||    31
       Scale mail        |    33 |    34 ||    67
Dodge: Dodged            |    33 |    18 ||    51
Block: Buckler           |    34 |    35 ||    69
       Reflection        |       |     1 ||     1
